 Dungeon Crawl Stone Soup version 0.29-a0-757-g358383bc75 (webtiles) character file.

Game seed: 7522285636700747928

1190 buhh the Trooper (level 8, -3/57 HPs)
             Began as an Octopode Transmuter on June 30, 2022.
             Slain by an ice beast (8 damage)
             ... on level 6 of the Dungeon.
             The game lasted 00:16:09 (9511 turns).

buhh the Trooper (Octopode Transmuter)              Turns: 9511, Time: 00:16:10

Health: -3/57      AC:  2    Str:  9    XL:     8   Next: 43%
Magic:  11/11      EV: 23    Int: 18    God:
Gold:   334        SH:  0    Dex: 17    Spells: 1/11 levels left

rFire   . . .      SeeInvis .     - Unarmed
rCold   . . .      Faith    .   (shield currently unavailable)
rNeg    . . .      Spirit   .   (helmet currently unavailable)
rPois   x          Reflect  .   (no amulet)
rElec   .          Harm     .   c - +4 ring of evasion
rCorr   .          Rampage  .   (no ring)
Will    .....                   (no ring)
Stlth   +++.......              (no ring)
HPRegen 0.19/turn               (no ring)
MPRegen 0.12/turn               (no ring)
                                (no ring)
                                (no ring)

@: about to teleport, spider-form (expiring)
A: venomous fangs, almost no armour, (amphibious), 8 rings, tiny, (camouflage
1), (gelatinous body 1), (nimble swimmer 1), (tentacles)
a: End Transformation


You were on level 6 of the Dungeon.
You were a venomous arachnid creature.
You visited 2 branches of the dungeon, and saw 7 of its levels.
You also visited: Sewer.

You collected 334 gold pieces.

Inventory:

Missiles
 h - 8 boomerangs
Magical Staves
 e - a staff of death
Jewellery
 c - a +4 ring of evasion (left front leg)
Scrolls
 d - 2 scrolls of brand weapon
 t - 2 scrolls of teleportation {!d}
 F - a scroll of enchant weapon
 P - a scroll of magic mapping {!r!d}
 Q - a scroll of fog
 T - a scroll of immolation {!d}
 X - 3 scrolls of amnesia
 Z - 2 scrolls of enchant armour
Potions
 f - a potion of magic {unknown}
 k - 5 potions of flight
 U - 2 potions of mutation {!d}


   Skills:
 - Level 6.0 Fighting
 - Level 2.0 Dodging
 - Level 5.0 Stealth
 - Level 3.0 Unarmed Combat
 - Level 2.0 Spellcasting
 - Level 6.0 Transmutations
 * Level 2.2 Ice Magic
 - Level 3.0 Poison Magic


You had one spell level left.
You knew the following spells:

 Your Spells              Type           Power      Damage    Failure   Level
a - Beastly Appendage     Tmut           46%        N/A       7%          1
b - Wereblood             Tmut           23%        N/A       9%          2
c - Spider Form           Tmut/Pois      18%        N/A       22%         3
d - Ice Form              Ice/Tmut       16%        N/A       54%         4

Your spell library contained the following spells:

 Spells                   Type           Power      Damage    Failure   Level
 Slow                     Hex            4%         N/A       38%         1
 Ignite Poison            Fire/Tmut/Pois 12%        N/A       34%         3
 Blink                    Tloc           2%         N/A       47%         2
 Mephitic Cloud           Conj/Pois/Air  5%         N/A       56%         3
 Confusing Touch          Hex            1%         N/A       69%         3
 Conjure Flame            Conj/Fire      1%         6-21      69%         3
 Lesser Beckoning         Tloc           1%         N/A       69%         3
 Vampiric Draining        Necr           1%         2d6       69%         3
 Alistair's Intoxication  Tmut/Pois      12%        N/A       80%         5
 Cause Fear               Hex            0%         N/A       96%         4
 Sticky Flame             Conj/Fire      1%         2d3       96%         4
 Freezing Cloud           Conj/Ice/Air   2%         6-21      99%         5
 Borgnjor's Vile Clutch   Necr/Erth      0%         N/A       100%        5
 Manifold Assault         Tloc           1%         N/A       100%        5
 Eringya's Noxious Bog    Tmut/Pois      9%         N/A       100%        6
 Statue Form              Tmut/Erth      8%         N/A       100%        6
 Dragon Form              Tmut           11%        N/A       100%        7
 Dragon's Call            Summ           0%         N/A       100%        9


Dungeon Overview and Level Annotations

Branches:
Dungeon (6/15) Zot: 25385  Temple (1/1) D:5 Zot: 5946   Sewer (visited)

Altars:
Ashenzari
Dithmenos
Fedhas
Gozag
Hepliaklqana
Kikubaaqudgha
Makhleb
Ru
Sif Muna
Uskayaw
Vehumet
Wu Jian
Xom
Zin

Shops:
D:2 *

Annotations:
D:5 1 runed translucent door, Edmund; attentat's ghost, novice MiHu


Innate Abilities, Weirdness & Mutations

You are a venomous arachnid creature.
You have poisonous fangs.
You are tiny and dextrous.
Your spellcasting is less reliable in this form.
Your armour is entirely melded.
You are incapable of wielding weapons or throwing items.
You cannot wear most types of armour.
((You are amphibious.))
You can wear up to eight rings at the same time.
((Your skin changes colour to match your surroundings (Stealth+).))
((Your rubbery body absorbs attacks. (AC +1, EV +1)))
((You are camouflaged when in or above water. (Stealth+)))
((You have tentacles for arms and can constrict up to eight enemies at once.))


Message History

The centaur barely misses you. The centaur closely misses you.
The ice beast hits you but does no damage.
The centaur hits you with a +0 trident. The centaur kicks you.
You hit the centaur.
You kill the centaur!
The ice beast closely misses you.
Training target 6.0 for Transmutations reached!
Your Transmutations skill increases to level 6!
Your Ice Magic skill increases to level 2!
You hit the ice beast.
The ice beast is lightly wounded.
The ice beast hits you but does no damage.
You hit the ice beast.
The ice beast is moderately wounded.
The ice beast hits you. The ice beast freezes you!
You barely miss the ice beast.
The ice beast is moderately wounded.
The ice beast completely misses you.
You hit the ice beast.
The ice beast is moderately wounded.
The ice beast barely misses you.
As you read the scroll of teleportation {!d}, it crumbles to dust.
You feel strangely unstable. The ice beast hits you. The ice beast freezes you!
* * * LOW HITPOINT WARNING * * *
You hit the ice beast.
The ice beast is heavily wounded.
Your transformation is almost over.
The ice beast completely misses you.
You hit the ice beast but do no damage.
The ice beast is heavily wounded.
The ice beast misses you.
You hit the ice beast.
The ice beast is heavily wounded.
The ice beast misses you.
You hit the ice beast but do no damage.
The ice beast is poisoned.
The ice beast is heavily wounded.
The ice beast hits you.
* * * LOW HITPOINT WARNING * * *
The ice beast freezes you!
You die...

#............##)...
#..........#.##)#.. . .
#..........#..#.#.. ..
..### ##..........#)#..
...c.....#.............##.
....#....#............###.
...............#....#.###.
#...####)###.#....#.....
#.....Ys...#.#....#.....
.......###.#.#.#....#.....
...>... ..#.#.#....##....
....... #.. .............
...##Y. .....## ##..... ..
... #....# #..... # ###.
##.... #.#... .. .####
#.##..


You could see an ice beast (poisoned).

Vanquished Creatures
  Sigmund (D:6)
  An ogre (D:5)
  A centaur (D:6)
  A phantom (D:4)
  A necrophage (D:5)
  4 orc priests
  2 hounds (D:5)
  2 iguanas (D:5)
  8 orc wizards
  Terence (D:2)
  18 adders
  A river rat (Sewer)
  A shadow imp (D:6)
  3 worms
  3 dart slugs
  16 orcs
  11 ball pythons
  12 endoplasms
  4 giant cockroaches
  9 goblins
  8 hobgoblins
  5 jackals
  8 kobolds
  2 quokkas
  12 bats
  6 frilled lizards
  2 rats
143 creatures vanquished.

Notes
Turn   | Place    | Note
-------+----------+-------------------------------------------
     0 | D:1      | buhh the Octopode Transmuter began the quest for the Orb.
     0 | D:1      | Reached XP level 1. HP: 13/13 MP: 3/3
   395 | D:1      | Reached XP level 2. HP: 14/18 MP: 5/5
   508 | D:1      | Got the Almanac of Moulding
  1142 | D:1      | Reached XP level 3. HP: 24/24 MP: 4/6
  1428 | D:2      | Found a sacrificial altar of Ru.
  1662 | D:2      | Found Oleoviuk's Assorted Antiques.
  1840 | D:2      | Reached XP level 4. HP: 18/29 MP: 5/7
  2417 | D:2      | Found a faded altar of an unknown god.
  3018 | D:2      | Noticed Terence
  3027 | D:2      | Killed Terence
  3028 | D:2      | Reached XP level 5. HP: 33/36 MP: 6/8
  3952 | D:4      | Noticed a phantom
  4014 | D:4      | Found a glowing drain.
  4019 | Sewer    | Entered a sewer
  4949 | Sewer    | Reached XP level 6. HP: 34/44 MP: 7/9
  5861 | D:4      | Learned a level 2 spell: Wereblood
  5865 | D:4      | Learned a level 3 spell: Spider Form
  6826 | D:4      | Reached XP level 7. HP: 50/50 MP: 8/10
  6913 | D:5      | Entered Level 5 of the Dungeon
  6932 | D:5      | Found a staircase to the Ecumenical Temple.
  6952 | Temple   | Entered the Ecumenical Temple
  7264 | D:5      | Found a runed translucent door.
  7525 | D:5      | Noticed Edmund
  8317 | D:5      | Reached XP level 8. HP: 16/57 MP: 6/11
  8832 | D:6      | Noticed Sigmund
  8990 | D:5      | Noticed attentat's ghost (novice MiHu)
  9042 | D:6      | Killed Sigmund
  9120 | D:6      | Learned a level 4 spell: Ice Form
  9511 | D:6      | Slain by an ice beast

Illustrated notes

Levels and vault maps discovered:
D:1:      psy_arrival_basics, layout_basic
D:2:      minmay_razor_zed, layout_loops_corners,
          hellmonk_ecumenical_altar_inner_sanctum, serial_shops,
          nicolae_shop_hallway_stairs, basic_altar, uniq_terence
D:3:      layout_basic
D:4:      layout_cave_pools, serial_rivers, chequers_serial_rivers_small_b,
          chequers_serial_rivers_large_a, chequers_serial_rivers_micro_c,
          chequers_serial_rivers_micro_c, gup_sewer_entry_bowl,
          pf_guarded_unrand_delatra
D:5:      layout_loops_ring, minmay_temple_entry_offerings,
          ebering_ghost_reflecting_pool, uniq_edmund
D:6:      layout_basic, mainiacjoe_overflow_big_doors, st_stairs_14,
          uniq_sigmund
Temple:   nicolae_temple_god_jail

Skill      XL: |  1  2  3  4  5  6  7  8 |
---------------+-------------------------+-----
Stealth        | 1 3 4 5 |  5.0
Fighting       | 2 3 4 5 6 |  6.0
Poison Magic   | 1 3 |  3.0
Transmutations | 3 5 6 |  6.0
Ice Magic      | 2 |  2.2
Dodging        | |  2.0
Unarmed Combat | |  3.0
Spellcasting   | |  2.0

Action                   |  1- 3 |  4- 6 |  7- 9 || total
-------------------------+-------+-------+-------++-------
Melee: Unarmed           |    69 |   206 |   153 ||   428
       Kick              |    18 |    64 |     6 ||    88
       Constrict         |    14 |    45 |     4 ||    63
       Tentacles         |    12 |    52 |     5 ||    69
       Punch             |     2 |     4 |     1 ||     7
 Cast: Beastly Appendage |    20 |    44 |     2 ||    66
       Spider Form       |       |     1 |    17 ||    18
       Wereblood         |       |       |     2 ||     2
  Use: Scroll            |       |    14 |     4 ||    18
       Potion            |       |     1 |     5 ||     6
 Stab: Sleeping          |     9 |    19 |       ||    28
Armor: Skin              |     7 |    23 |    11 ||    41
Dodge: Dodged            |    36 |   102 |   120 ||   258

Table legend: (Time is in decaauts)
 A = Elapsed time spent in this place.
 B = Non-inter-level travel time spent in this place.
 C = Inter-level travel time spent in this place.
 D = Time resting spent in this place.
 E = Time spent auto-exploring this place.
 F = Levels seen in this place.
 G = Mean time per level.
                   A        B        C        D        E       F      G
               +--------+--------+--------+--------+--------+-----+--------+
         Total |   9488 |   9291 |    197 |   3429 |   4281 |   8 | 1186.0 |
       Dungeon |   8099 |   7916 |    183 |   2780 |   3795 |   6 | 1349.8 |
        Temple |     53 |     39 |     14 |      0 |     29 |   1 |   53.0 |
         Sewer |   1334 |   1334 |      0 |    649 |    457 |   1 | 1334.0 |
               +--------+--------+--------+--------+--------+-----+--------+

Top non-repeatable levels by time:
     D:2: 2145 daAuts
     D:5: 2000 daAuts
     D:4: 1653 daAuts
   Sewer: 1334 daAuts
     D:1: 1243 daAuts
     D:3: 551 daAuts
     D:6: 505 daAuts
  Temple: 53 daAuts
